 Dungeon Crawl Stone Soup version 0.21-a0-137-g951aa02 (webtiles) character file.

135790 grindst0ne the Peltast (level 17, 0/140 HPs)
             Began as a Ghoul Gladiator on July 18, 2017.
             Was a High Priest of Cheibriados.
             Slain by a nagaraja
             ... wielding a +0 spear
              (5 damage)
             ... on level 1 of the Snake Pit.
             The game lasted 02:05:28 (27116 turns).

grindst0ne the Peltast (Ghoul Gladiator)           Turns: 27116, Time: 02:05:29

Health: 0/140      AC: 21    Str: 43    XL:     17   Next: 20%
Magic:  8/23       EV: 15    Int: 17    God:    Cheibriados [*****.]
Gold:   902        SH: 21    Dex: 24    Spells: 6/16 levels left

rFire    + + .     SeeInvis .   i - +3 demon trident (flame)
rCold    + + .     Gourm    .   d - +1 shield {rF+}
rNeg     + + +     Faith    .   M - +8 chain mail of the Fiend {MR+}
rPois    ∞         Spirit   .   c - +0 helmet
rElec    +         Reflect  +   I - scarf {repulsion}
rCorr    +         Harm     .   H - +1 pair of gloves
MR       +++..                  (no boots)
Stlth    ..........             K - +3 amulet of reflection
HPRegen  0.00/turn              a - ring of protection from magic
MPRegen  0.18/turn              Z - +4 ring of strength

@: resistant, rotting, constricted, repel missiles, very slow
A: rotting body, claws 1, carnivore 3, cold resistance 1, negative energy
resistance 3, inhibited regeneration, torment resistance, unbreathing
a: Bend Time, Temporal Distortion, Slouch, Step From Time, Renounce Religion


You were on level 1 of the Snake Pit.
You worshipped Cheibriados.
Cheibriados was extremely pleased with you.
You were not hungry.

You visited 5 branches of the dungeon, and saw 25 of its levels.
You also visited: Volcano.

You collected 1930 gold pieces.
You spent 1028 gold pieces at shops.

Inventory:

Hand Weapons
 h - a +0 blowgun
 i - a +3 demon trident of flaming (weapon)
Missiles
 n - 14 curare-tipped needles
 o - 15 javelins (quivered)
Armour
 c - a +0 helmet (worn)
 d - a +1 shield of fire resistance (worn)
 e - a +1 plate armour of cold resistance
 H - a +1 pair of gloves (worn)
 I - a scarf of repulsion (worn)
 M - the +8 chain mail of the Fiend (worn) {MR+}
   (You found it on level 15 of the Dungeon)

   It affects your resistance to hostile enchantments.
Jewellery
 a - a ring of protection from magic (left hand)
 k - an uncursed ring of wizardry
 A - the amulet of Rytooqon {Spirit rC+ Slay+2 SInv}
   (You acquired it on level 13 of the Dungeon)

   [amulet of guardian spirit]

   It causes incoming damage to be split between your health and magic.
   It affects your accuracy and damage with ranged weapons and melee attacks
   (+2).
   It protects you from cold.
   It lets you see invisible.
 J - an uncursed ring of resist corrosion
 K - a +3 amulet of reflection (around neck)
 X - an uncursed ring of see invisible
 Z - a +4 ring of strength (right hand)
Wands
 g - a wand of iceblast (0/15)
 p - a wand of iceblast (0/15)
 q - a wand of polymorph (13/24)
 r - a wand of enslavement (13/24)
 P - a wand of iceblast (7/15)
 S - a wand of scattershot (1/9)
 T - a wand of flame (28/48)
Scrolls
 f - 11 scrolls of remove curse
 j - 5 scrolls of enchant armour
 l - a scroll of holy word
 m - a scroll of blinking
 v - 6 scrolls of teleportation
 y - 7 scrolls of amnesia
 z - 3 scrolls of immolation
 C - 5 scrolls of magic mapping
 E - a scroll of identify
 V - 2 scrolls of enchant weapon
 Y - a scroll of silence
Potions
 t - 2 potions of magic
 u - 4 potions of brilliance
 w - 2 potions of curing
 x - a potion of agility
 D - a potion of invisibility
 G - 3 potions of resistance
 L - 3 potions of flight
 N - a potion of cancellation
 O - 2 potions of ambrosia
 U - 2 potions of might
Books
 b - a book of Battle

   Spells                             Type                      Level
   a - Infusion                       Charms                       1
   b - Shroud of Golubria             Charms/Translocation         2
   c - Song of Slaying                Charms                       2
   d - Spectral Weapon                Hexes/Charms                 3
   e - Regeneration                   Charms/Necromancy            3
 Q - a book of Enchantments

   Spells                             Type                      Level
   a - Cause Fear                     Hexes                        4
   b - Yara's Violent Unravelling     Hexes/Transmutation          5
   c - Silence                        Hexes/Air                    5
   d - Deflect Missiles               Charms/Air                   6
   e - Discord                        Hexes                        8
Miscellaneous
 W - a box of beasts
Comestibles
 s - 11 meat rations
 B - 19 royal jellies
 F - 15 chunks of flesh


   Skills:
 - Level 10.0 Fighting
   Level 2.6(10.8) Axes
   Level 6.0(6.3) Maces & Flails
 - Level 14.6(14.7) Polearms
 - Level 1.7 Throwing
 - Level 6.0 Armour
 - Level 9.0 Dodging
 * Level 15.1 Shields
 - Level 9.4 Invocations
 - Level 6.6 Evocations


You had 6 spell levels left.
You knew the following spells:

 Your Spells              Type           Power        Failure   Level  Hunger
a - Spectral Weapon       Hex/Chrm       #.......     91%         3    ####...
b - Regeneration          Chrm/Necr      #.........   91%         3    ####...
c - Control Undead        Necr           #.........   100%        4    #####..


Dungeon Overview and Level Annotations

Branches:
Dungeon (15/15)            Temple (1/1) D:6            Lair (6/6) D:9
 Shoals (0/4) Lair:3        Snake (1/4) Lair:4        Slime (0/5) Lair:6
    Orc (2/2) D:11            Elf (0/3) Orc:2        Vaults (0/5) D:14
 Depths (0/5) D:15

Altars:
Ashenzari
Cheibriados
Dithmenos
Elyvilon
Fedhas
Gozag
Hepliaklqana
Kikubaaqudgha
Makhleb
Nemelex Xobeh
Okawaru
Qazlal
Ru
Sif Muna
Trog
Uskayaw
Vehumet
Wu Jian
Xom
Yredelemnul
Zin
The Shining One
Beogh

Shops:
D:6 !   D:7 ?   D:10 (   Orc:1 !   Orc:2 :[(*

Annotations:
D:9 2 transporters
Lair:5 exclusions: downstairs and 2 oklob plants


Innate Abilities, Weirdness & Mutations

Your body is rotting away.
You thrive on raw meat.
You are immune to poison.
You have sharp fingernails.
You are carnivorous and can eat meat at any time.
Your flesh is cold resistant. (rC+)
You are immune to negative energy. (rN+++)
You do not regenerate when monsters are visible.
You are immune to unholy pain and torment.
You can survive without breathing.


Message History

The nagaraja constricts you.
You can feel time thicken for a moment.
You feel somewhat more hungry.
Cheibriados lowers the support of your attributes as your movement quickens.
You block the naga mage's attack. You block the nagaraja's attack.
The nagaraja constricts you. The naga mage barely misses you.
You block the nagaraja's attack. The nagaraja constricts you.
You feel better.
The naga mage hits you but does no damage.
The nagaraja hits you but does no damage.
* * * LOW HITPOINT WARNING * * *
The nagaraja constricts you.
You hit the nagaraja. You burn the nagaraja.
The nagaraja is almost dead.
You block the naga mage's attack. You block the nagaraja's attack.
The nagaraja constricts you.
You closely miss the nagaraja.
The nagaraja is almost dead.
You block the naga mage's attack. The nagaraja hits you with a spear!
* * * LOW HITPOINT WARNING * * *
You die...

#...# ##.#
##.#######.# .≈.
#........># #.#
#......)### #.#
#.......# .≈.
##.......# #.#
.#.......# ##N##
.#.....).# #.N.#
.#.......#######@####
.........))##.##.##.#
.##'######.'.≈.÷≈..≈#
^##.# ####.##.##.#
.##.# ####.####
.##.######### $≈.
###.........#######
#########.<# #####
#...###...#


You could see a nagaraja and a naga mage.

Vanquished Creatures
  Saint Roka (Orc:2)
  Agnes (D:14)
  A stone giant (Orc:2)
  Josephine (D:10)
  Erolcha (D:11)
  Fannar (Orc:1)
  A great orb of eyes (D:15)
  A naga warrior (Snake:1)
  6 hydras
  A centaur warrior (D:12)
  A death knight (D:11)
  A catoblepas (Lair:6)
  An anaconda (Snake:1)
  A deep troll shaman (Lair:6)
  7 two-headed ogres
  A queen ant (D:8)
  An ogre mage (D:15)
  7 death yaks
  Urug (Lair:3)
  A tengu warrior (D:14)
  An orc high priest (Orc:2)
  The ghost of Tux the Thaumaturge, a journeyman DEIE of Vehumet (Lair:5)
  2 naga sharpshooters (Snake:1)
  A shock serpent (Snake:1)
  A deep elf knight (D:14)
  A skeletal warrior (D:14)
  2 unseen horrors (D:14)
  7 sea snakes (Snake:1)
  A naga ritualist (Snake:1)
  Pikel (D:5)
  A lindwurm (Lair:6)
  5 orc knights
  7 mana vipers (Snake:1)
  22 ugly things
  5 deep elf magi
  A cyclops (shapeshifter) (D:14)
  5 salamanders
  A wolf spider (D:15)
  2 cyclopes
  4 orc sorcerers
  A shining eye (shapeshifter) (D:15)
  3 manticores
  2 merfolk sirens (Lair:3)
  13 black mambas
  Maurice (D:11)
  8 elephants (Lair:6)
  A guardian serpent (Snake:1)
  A naga mage (Snake:1)
  A smoke demon (Volcano)
  A gargoyle (D:10)
  A spiny frog (shapeshifter) (D:14)
  9 spiny frogs
  3 rime drakes
  8 komodo dragons
  3 yaktaurs (D:14)
  A queen bee (Lair:3)
  A tengu conjurer (D:14)
  2 red devils (Volcano)
  3 meliai (D:13)
  A harpy zombie (D:15)
  3 polar bears
  A hornet (D:10)
  2 merfolk (Lair:3)
  12 trolls
  Grinder (D:3)
  A raiju (Lair:5)
  7 dream sheep (Lair:6)
  12 slime creatures
  14 hippogriffs
  16 blink frogs
  2 vampires
  Sigmund (D:2)
  4 wraiths
  A spriggan (D:7)
  3 wyverns
  17 yaks
  2 hungry ghosts
  7 fire bats (Volcano)
  Grum (D:11)
  12 vampire mosquitoes
  A steam dragon (D:11)
  7 basilisks
  7 soldier ants
  5 wargs
  9 nagas (Snake:1)
  2 hell hounds (Volcano)
  11 water moccasins
  30 orc warriors
  5 porcupines
  A black bear (D:13)
  9 ice beasts
  4 sky beasts
  A phantom (D:8)
  A slave (D:5)
  22 ogres
  A necrophage (D:14)
  14 wolves
  9 centaurs
  14 crocodiles
  A big kobold (D:14)
  15 bullfrogs
  Blork the orc (Orc:2)
  3 gnoll sergeants (D:11)
  A scorpion (D:9)
  2 wyvern skeletons (D:14)
  23 killer bees (Lair:3)
  A water moccasin skeleton (D:7)
  5 howler monkeys
  3 wights (D:11)
  8 electric eels
  5 bullfrog zombies
  5 lava snakes (Volcano)
  The ghost of Tux the Magician, a weakling DEFE (D:3)
  3 centaur zombies
  7 crimson imps
  2 quasits
  25 orc wizards
  A bullfrog skeleton (D:12)
  4 jellies
  19 orc priests
  Crazy Yiuf (D:3)
  8 centaur skeletons
  2 gnoll shamans
  5 hounds
  An iguana (D:6)
  25 worker ants
  A hound zombie (D:7)
  A hound skeleton (D:6)
  2 worker ant zombies
  19 adders
  12 gnolls
  5 shadow imps
  3 oozes
  2 adder skeletons
  An adder zombie (D:5)
  2 worms
  3 dart slugs
  7 leopard geckos
  99 orcs
  2 ball pythons
  4 giant cockroaches
  11 goblins
  8 hobgoblins
  12 jackals
  5 quokkas
  4 bats
  5 frilled lizards
  A jackal zombie (D:8)
  13 kobolds
  A leopard gecko zombie (D:8)
  6 rats
  A spectral orc (D:5)
851 creatures vanquished.

Vanquished Creatures (others)
  A centaur warrior (D:14)
  A naga sharpshooter (Snake:1)
  An unseen horror (D:15)
  An orc knight (Orc:1)
  2 cyclopes
  An orc warrior (Orc:2)
  5 centaurs
  A bush (Lair:3)
  9 fungi
  4 plants
26 creatures vanquished.

Grand Total: 877 creatures vanquished

Notes
Turn   | Place    | Note
-------+----------+-------------------------------------------
     0 | D:1      | grindst0ne the Ghoul Gladiator began the quest for the Orb.
     0 | D:1      | Reached XP level 1. HP: 17/17 MP: 0/0
   129 | D:1      | Reached XP level 2. HP: 20/25 MP: 1/1
   550 | D:1      | Reached XP level 3. HP: 33/33 MP: 2/2
  1158 | D:2      | Reached XP level 4. HP: 21/41 MP: 3/3
  1288 | D:2      | Reached skill level 5 in Fighting
  1568 | D:2      | Noticed Sigmund
  1588 | D:2      | Killed Sigmund
  1588 | D:2      | Reached XP level 5. HP: 24/52 MP: 4/4
  1588 | D:2      | Reached XP level 6. HP: 28/60 MP: 5/5
  1671 | D:2      | Found a white marble altar of Elyvilon.
  1857 | D:3      | Noticed Tux's ghost (weakling DEFE)
  1881 | D:3      | Killed Tux's ghost
  2434 | D:3      | Noticed Grinder
  2440 | D:3      | Paralysed by Grinder for 7 turns
  2462 | D:3      | Killed Grinder
  2462 | D:3      | Reached XP level 7. HP: 52/69 MP: 6/6
  2593 | D:3      | Found a runed door.
  2937 | D:3      | Noticed Crazy Yiuf
  2944 | D:3      | Killed Crazy Yiuf
  3250 | D:4      | Found a hide-covered altar of Uskayaw.
  3363 | D:4      | Reached XP level 8. HP: 78/79 MP: 7/7
  3446 | D:4      | You fall through a shaft for 3 floors!
  3511 | D:6      | Reached skill level 10 in Fighting
  3580 | D:6      | Reached skill level 1 in Armour
  3784 | D:6      | Found a staircase to the Ecumenical Temple.
  3798 | Temple   | Entered the Ecumenical Temple
  4018 | Temple   | Became a worshipper of Cheibriados the Contemplative
  4131 | D:6      | Found Zuwnumom's Distillery.
  4139 | D:6      | Bought a potion of might for 48 gold pieces
  4139 | D:6      | Bought a potion of resistance for 120 gold pieces
  4139 | D:6      | Bought a potion of degeneration for 12 gold pieces
  4179 | D:6      | Found a shattered altar of Ashenzari.
  4195 | D:5      | Entered Level 5 of the Dungeon
  4569 | D:5      | Found a basalt altar of Yredelemnul.
  4807 | D:5      | Reached * piety under Cheibriados
  4845 | D:5      | Found an iron altar of Okawaru.
  4849 | D:5      | Found a bloodstained altar of Trog.
  4849 | D:5      | Found a stormy altar of Qazlal.
  4934 | D:5      | Noticed Pikel
  4982 | D:5      | Killed Pikel
  4982 | D:5      | Reached XP level 9. HP: 32/85 MP: 7/10
  5118 | D:5      | Reached skill level 5 in Armour
  5199 | D:5      | Found a shadowy altar of Dithmenos.
  5951 | D:6      | Reached skill level 5 in Invocations
  6330 | D:7      | Reached ** piety under Cheibriados
  6597 | D:7      | Found Lipn's Magic Scroll Shoppe.
  6600 | D:7      | Bought a scroll of magic mapping for 49 gold pieces
  6600 | D:7      | Bought a scroll of fear for 49 gold pieces
  6600 | D:7      | Bought a scroll of identify for 28 gold pieces
  6600 | D:7      | Bought a scroll of immolation for 49 gold pieces
  6600 | D:7      | Bought a scroll of random uselessness for 14 gold pieces
  7111 | D:8      | Reached XP level 10. HP: 80/93 MP: 10/14
  7259 | D:8      | Reached skill level 5 in Dodging
  7459 | D:8      | Reached *** piety under Cheibriados
  7507 | D:8      | Noticed a queen ant
  7536 | D:8      | Killed a queen ant
  7975 | D:9      | Noticed a death yak
  7975 | D:9      | Noticed a two-headed ogre
  7977 | D:9      | Noticed a death yak
  8058 | D:9      | Reached **** piety under Cheibriados
  8079 | D:8      | Killed a two-headed ogre
  8258 | D:9      | Noticed a death yak
  8260 | D:9      | Noticed a death yak
  8260 | D:9      | Noticed a death yak
  8322 | D:9      | Found a transporter.
  8555 | D:9      | Noticed an ettin
  8555 | D:9      | Found a transporter.
  8569 | D:9      | Found a shimmering altar of Xom.
  8622 | D:9      | Reached XP level 11. HP: 98/99 MP: 17/17
  8721 | D:9      | Found a staircase to the Lair.
  8891 | D:9      | Found a glowing golden altar of the Shining One.
  8983 | D:8      | Killed a death yak
  8983 | D:8      | Reached skill level 1 in Maces & Flails
  8997 | D:8      | Killed a death yak
  9231 | D:8      | Killed a death yak
  9588 | D:8      | Noticed a two-headed ogre
  9601 | D:8      | Killed a two-headed ogre
 10186 | Lair:1   | Entered Level 1 of the Lair of Beasts
 10417 | Lair:1   | Found a dark tunnel.
 10426 | Volcano  | Entered a volcano
 10658 | Volcano  | Reached skill level 5 in Evocations
 11006 | Volcano  | Reached skill level 5 in Maces & Flails
 11394 | Volcano  | Noticed a red ugly thing
 11397 | Volcano  | Noticed an orc sorcerer
 11401 | Volcano  | Killed an orc sorcerer
 11451 | Volcano  | Killed a red ugly thing
 11451 | Volcano  | Reached XP level 12. HP: 87/106 MP: 16/18
 11646 | Volcano  | Found a bloodstained altar of Trog.
 11671 | Volcano  | Found a burning altar of Makhleb.
 11811 | Lair:1   | Noticed a six-headed hydra
 11825 | Lair:1   | Killed a six-headed hydra
 11858 | Lair:1   | HP: 5/106 [komodo dragon (17)]
 12409 | Lair:1   | Noticed a seven-headed hydra
 12421 | Lair:1   | Killed a seven-headed hydra
 13508 | Lair:2   | Reached skill level 5 in Polearms
 13523 | Lair:2   | Reached skill level 1 in Shields
 13533 | Lair:2   | Reached skill level 5 in Shields
 13533 | Lair:2   | Reached XP level 13. HP: 84/113 MP: 19/19
 14050 | Lair:3   | Noticed Urug
 14073 | Lair:3   | Killed Urug
 14238 | Lair:3   | Noticed Sonja
 14239 | Lair:3   | Noticed Sonja
 14239 | Lair:3   | Sonja changed into Sonja the spiny frog
 14247 | Lair:3   | Killed Sonja the spiny frog
 14385 | Lair:3   | Found a staircase to the Shoals.
 14433 | Lair:3   | Reached skill level 6 in Shields
 15189 | Lair:4   | Found a staircase to the Snake Pit.
 15314 | Lair:4   | Identified the +7 long sword "Cipre" {drain, Int+4} (You found it on level 4 of the Lair of Beasts)
 15916 | Lair:5   | Reached XP level 14. HP: 112/121 MP: 20/20
 15928 | Lair:5   | Reached skill level 7 in Shields
 15948 | Lair:5   | Noticed Tux's ghost (journeyman DEIE)
 15965 | Lair:5   | Killed Tux's ghost
 16001 | Lair:5   | Reached ***** piety under Cheibriados
 16591 | Lair:6   | Entered Level 6 of the Lair of Beasts
 16591 | Lair:6   | Noticed Snorg
 16632 | Lair:5   | Noticed Snorg
 16632 | Lair:5   | Snorg changed into Snorg the raiju
 16636 | Lair:5   | Killed Snorg the raiju
 16721 | Lair:6   | Reached skill level 8 in Shields
 16890 | Lair:6   | Reached skill level 10 in Polearms
 17131 | Lair:6   | Reached skill level 9 in Shields
 17359 | Lair:6   | Found a staircase to the Slime Pits.
 17719 | Lair:6   | Reached ****** piety under Cheibriados
 18034 | D:10     | Entered Level 10 of the Dungeon
 18074 | D:10     | Noticed Josephine
 18083 | D:10     | Killed Josephine
 18097 | D:10     | Reached skill level 10 in Shields
 18168 | D:10     | Identified a scroll of acquirement
 18534 | D:10     | Found Muive's Weapon Emporium.
 18843 | D:11     | Noticed Erolcha
 18846 | D:11     | Killed Erolcha
 18858 | D:11     | Noticed Grum
 18867 | D:11     | Killed Grum
 18883 | D:11     | Reached XP level 15. HP: 126/126 MP: 21/21
 18924 | D:11     | Noticed Maurice
 18937 | D:11     | Killed Maurice
 19287 | D:11     | Found a staircase to the Orcish Mines.
 19837 | D:12     | Learned a level 3 spell: Spectral Weapon
 19841 | D:12     | Learned a level 3 spell: Regeneration
 19846 | D:12     | Learned a level 4 spell: Control Undead
 20361 | D:13     | Reached skill level 11 in Shields
 20378 | D:13     | Got a wavering platinum amulet
 20381 | D:13     | Identified the amulet of Rytooqon {Spirit rC+ Slay+2 SInv} (You acquired it on level 13 of the Dungeon)
 21257 | D:14     | Got an encrusted battleaxe
 21263 | D:14     | Identified the +4 battleaxe of Discretion {distort, rPois MP+9 Str+6 Stlth+} (You found it on level 14 of the Dungeon)
 21736 | D:14     | Found a gate to the Vaults.
 21804 | D:14     | Reached skill level 12 in Shields
 22199 | D:14     | Noticed Agnes
 22209 | D:14     | Killed Agnes
 22221 | D:14     | Reached XP level 16. HP: 115/134 MP: 22/22
 22393 | D:15     | Entered Level 15 of the Dungeon
 22686 | D:15     | Identified the +8 chain mail of the Fiend {MR+} (You found it on level 15 of the Dungeon)
 23137 | D:15     | Reached skill level 13 in Shields
 23199 | D:15     | Found a staircase to the Depths.
 23542 | Orc:1    | Entered Level 1 of the Orcish Mines
 23542 | Orc:1    | Found Cadghixia's Distillery.
 23546 | Orc:1    | Noticed Fannar
 23556 | Orc:1    | Killed Fannar
 23838 | Orc:1    | Found a roughly hewn altar of Beogh.
 24190 | Orc:2    | Entered Level 2 of the Orcish Mines
 24288 | Orc:2    | Noticed Saint Roka
 24295 | Orc:2    | Noticed Blork the orc
 24608 | Orc:2    | Killed Saint Roka
 24911 | Orc:2    | Killed Blork the orc
 25004 | Orc:2    | Found a roughly hewn altar of Beogh.
 25037 | Orc:2    | Found Yreavipe's Book Shop.
 25089 | Orc:2    | Found Fidwos's Antique Armour Shop.
 25123 | Orc:2    | Found Fuajixys's Antique Weapon Shop.
 25140 | Orc:2    | Found Jebrotaw's General Store.
 25147 | Orc:2    | Bought a scroll of blinking for 105 gold pieces
 25147 | Orc:2    | Bought a potion of curing for 42 gold pieces
 25312 | Orc:2    | Found a staircase to the Elven Halls.
 25898 | Orc:1    | Bought a potion of might for 64 gold pieces
 25898 | Orc:1    | Bought a potion of invisibility for 128 gold pieces
 25898 | Orc:1    | Bought a potion of curing for 48 gold pieces
 25898 | Orc:1    | Bought a potion of brilliance for 64 gold pieces
 25898 | Orc:1    | Bought a potion of resistance for 160 gold pieces
 25898 | Orc:1    | Bought a potion of curing for 48 gold pieces
 26089 | Snake:1  | Entered Level 1 of the Snake Pit
 26212 | Snake:1  | Reached skill level 14 in Shields
 26484 | Snake:1  | Reached XP level 17. HP: 124/140 MP: 23/23
 27045 | Snake:1  | Reached skill level 15 in Shields
 27116 | Snake:1  | HP: 5/140 [nagaraja/spear (15)]
 27116 | Snake:1  | Slain by a nagaraja

Vault maps used:
D:1:      dpeg_arrival_tiny_a
D:2:      minmay_misc_feat_tower, elyvilon_altar_4, uniq_sigmund
D:3:      minmay_door_path, uniq_grinder, uniq_crazy_yiuf_cottage
D:4:      kennysheep_little_box, first_bread, grunt_ministairs_14, minivault_5
D:5:      grunt_dithmenos_smoke_and_mirrors,
          yredelemnul_forgotten_temple_becter, minitemple, uniq_pikel
D:6:      lemuel_crystal_altar, minmay_temple_entry_crystal_x, serial_shops,
          shop
D:7:      serial_shops, kennysheep_mini, the_bakery
D:8:      minmay_another_anthill
D:9:      gammafunk_temple_overflow_arena, dpeg_lair_monsters, tso_altar
D:10:     serial_shops, nicolae_shop_crystal, uniq_josephine
D:11:     kennysheep_orc_monster_closet_entryway, uniq_maurice, uniq_erolcha,
          uniq_grum
D:14:     hangedman_vaults_entry_quadrant_bands, kennysheep_generic_room_13,
          uniq_agnes
D:15:     hangedman_depths_entry_try_elsewhere_first, minivault_24
Temple:   nicolae_temple_figure_eight
Lair:1:   nicolae_volcano_entry_lava_flow, minivault_25,
          nicolae_quartered_pool_super
Lair:2:   eino_small_chamber_without_monster, grunt_megastairs_4
Lair:3:   elwin_shoals_entry_stream, special_room, uniq_sonja, uniq_urug
Lair:4:   dummy_snake_entry
Lair:5:   lemuel_fruit_tree, grunt_megastairs_1, minmay_lair_oklob_chamber
Lair:6:   grunt_lair_end_beastmaster, dpeg_slime_entry_corner, st_stairs_8,
          uniq_snorg
Snake:1:  hangedman_cross_veins, serial_bayou_shore_b, serial_bayou_shore_b
Orc:1:    nicolae_orc_accident_3, serial_shops, shop_fountains, basic_altar,
          uniq_fannar
Orc:2:    grunt_orc_cross
Volcano:  volcano_grotto

Skill      XL: |  1  2  3  4  5  6  7  8  9 10 11 12 13 14 15 16 17 |
---------------+----------------------------------------------------+-----
Fighting       | 3 4 7 8 9 10 | 10.0
Armour         | 4 6 |  6.0
Invocations    | 3 7 9 |  9.4
Dodging        | 4 7 8 9 |  9.0
Evocations     | 2 5 6 |  6.6
Maces & Flails | 5 6 |  6.0
Polearms       | 7 8 11 13 14 | 14.6
Shields        | 5 6 10 12 14 15 | 15.1
Axes           | |  2.6
Throwing       | |  1.7

Action                   |  1- 3 |  4- 6 |  7- 9 | 10-12 | 13-15 | 16-18 || total
-------------------------+-------+-------+-------+-------+-------+-------++-------
Melee: War axe           |    67 |       |       |       |       |       ||    67
       Dagger            |    49 |   141 |   258 |       |       |       ||   448
       Whip              |       |       |   234 |   484 |       |       ||   718
       Demon trident     |       |       |       |   142 |  1251 |   762 ||  2155
Throw: Throwing net      |       |       |       |     6 |       |       ||     6
Invok: Bend Time         |       |       |     2 |    32 |    13 |     3 ||    50
       Temporal Distorti |       |       |       |     1 |       |       ||     1
       Slouch            |       |       |       |       |     5 |    10 ||    15
Evoke: Wand              |       |       |       |    41 |    19 |     1 ||    61
       Box of beasts     |       |       |       |       |       |     1 ||     1
       Phantom mirror    |       |       |       |       |       |     1 ||     1
  Use: Potion            |       |     1 |     4 |    19 |       |     7 ||    31
       Scroll            |       |     1 |     8 |    22 |    12 |     5 ||    48
 Stab: Held in net/web   |       |       |       |     1 |       |       ||     1
       Confused          |       |       |       |     7 |     1 |       ||     8
       Paralysed         |       |       |       |     6 |       |       ||     6
       Distracted        |       |       |       |     1 |       |     2 ||     3
       Invisible         |       |       |       |       |       |     3 ||     3
  Eat: Chunk             |     7 |     8 |    20 |    43 |    66 |    35 ||   179
       Meat ration       |     1 |       |       |       |       |       ||     1
Armor: Ring mail         |    60 |    20 |       |       |       |       ||    80
       Plate armour      |       |    49 |   330 |   324 |   269 |    21 ||   993
       Chain mail        |       |       |       |       |       |   127 ||   127
Dodge: Dodged            |    84 |    50 |   165 |   440 |   489 |   270 ||  1498
       Deflected         |       |       |     4 |     7 |     8 |    20 ||    39
Block: Shield            |       |       |       |    10 |  1101 |   704 ||  1815
       Reflection        |       |       |       |       |    32 |    78 ||   110
